Map: [ESL] Altitude

Players

Cow (PiG) - Winner!

  • Race: Terran Terran
  • League: Grandmaster
  • Spawn Location: 7:00

JuchelZero

  • Race: Protoss Protoss
  • League: Gold
  • Spawn Location: 1:00

VOD

https://www.youtube.com/playlist?list=PLOrKQEirgvjBrkg_LERyoNc_WYX2C2tgI

Description

Time

  • Played on: July 18, 2023, 7:46 p.m.
  • Length: 11:07
Show
View Real Time Build Order
Export as new Build Order

Cow Terran - Winner!

Build Orders:  

Get SALT Encoding   

  12  0:00  SCV  
  13  0:13  SCV  
  14  0:17  Supply Depot  
  14  0:25  SCV  
  15  0:39  SCV  
  15  0:41  Barracks  
  16  0:44  Refinery  
  16  0:51  SCV  
  17  1:03  SCV  
  18  1:15  SCV  
  19  1:28  Orbital Command  
  19  1:29  Barracks Reactor  
  19  1:46  Command Center  
  19  1:56  Supply Depot  
  19  2:02  SCV  
  19  2:07  Marine x2  
  22  2:14  SCV  
  23  2:19  Factory  
  23  2:27  SCV  
  24  2:31  Refinery  
  24  2:33  Marine x2  
  26  2:38  Bunker  
  26  2:41  SCV  
  27  2:50  Marine  
  27  2:51  Marine  
  29  2:53  SCV  
  30  3:04  Orbital Command  
  31  3:05  SCV  
  31  3:08  Marine x2  
  33  3:15  Factory Tech Lab  
  33  3:17  SCV  
  33  3:19  Starport  
  34  3:29  SCV  
  34  3:30  SCV  
  36  3:36  Marine x2  
  38  3:42  SCV x2  
  40  3:51  Siege Tank  
  40  3:54  Marine, SCV  
  40  3:55  SCV  
  46  4:00  Supply Depot  
  46  4:01  Supply Depot  
  46  4:10  Marine  
  46  4:11  SCV x2  
  46  4:12  Marine  
  46  4:16  Viking  
  52  4:23  SCV x2  
  54  4:28  Marine  
  54  4:31  Marine  
  55  4:32  Siege Tank  
  55  4:35  Supply Depot, SCV x2  
  61  4:39  Supply Depot  
  61  4:46  Marine  
  61  4:47  SCV x2  
  64  4:57  Marine  
  64  4:59  Starport Reactor, Supply Depot, SCV x2  
  67  5:04  Marine, Siege Tank  
  71  5:11  SCV  
  72  5:19  Barracks  
  72  5:21  Barracks  
  72  5:23  SCV x2  
  72  5:25  Barracks x2, Marine x2  
  76  5:31  Supply Depot  
  76  5:33  Supply Depot  
  76  5:35  SCV  
  77  5:53  Marine x2  
  77  5:54  Medivac x2, Siege Tank  
  86  5:58  Refinery x2  
  86  6:00  Engineering Bay  
  86  6:20  Barracks Tech Lab x2  
  86  6:21  Barracks Reactor x2  
  86  6:27  Marine  
  86  6:28  Marine  
  86  6:29  Medivac, Siege Tank  
  93  6:35  Supply Depot  
  93  6:37  Terran Infantry Weapons Level 1, Supply Depot  
  93  6:45  Marine  
  94  6:55  Stimpack  
  94  6:56  Combat Shield  
  94  7:00  Marauder  
  94  7:01  Marine x5, Marauder  
  99  7:03  Marine  
  104  7:09  SCV  
  104  7:11  Supply Depot  
  104  7:14  Supply Depot  
  105  7:19  Marine x5  
  105  7:20  Marine  
  105  7:21  Marine, Siege Tank  
  105  7:22  Medivac, Marine  
  118  7:33  Supply Depot  
  118  7:36  Marine  
  118  7:37  Marine x2, Supply Depot  
  121  7:51  Marauder x2  
  121  7:53  Marine x3  
  121  7:54  Marine x3, Siege Tank  
  121  7:55  Medivac  
  134  7:58  Supply Depot  
  134  8:00  Supply Depot  
  134  8:11  Marine x3  
  137  8:15  Concussive Shells  
  137  8:21  Supply Depot  
  137  8:30  Marauder x2, Marine x6  
  137  8:33  Siege Tank  
  149  8:48  Marine x6  
  155  8:51  Marine, Marauder  
  158  9:05  Marine  
  158  9:06  Marine x5  
  158  9:08  Siege Tank  
  158  9:09  Medivac x2, Marauder  
  173  9:13  Marauder  
  175  9:23  Marine x3  
  156  10:24  Marauder x2, Marine x2  
  156  10:25  Marine x4  
  156  10:26  Medivac x2, Siege Tank  
  173  10:38  Supply Depot  
  173  10:40  Supply Depot  
  173  10:42  Marine x6  
  173  10:45  Marine  
  173  10:46  Marauder  
Show
View Real Time Build Order
Export as new Build Order

JuchelZero Protoss 

Build Orders: 1 Gate Expand, Blink Stalkers, Chargelot Immortal 

Get SALT Encoding   

  12  0:01  Probe (Chrono Boost)  
  13  0:10  Probe (Chrono Boost)  
  14  0:19  Pylon  
  14  0:22  Probe  
  15  0:37  Probe  
  15  0:39  Gateway  
  16  0:49  Probe  
  17  0:50  Assimilator  
  17  1:01  Probe (Chrono Boost)  
  18  1:13  Probe (Chrono Boost)  
  18  1:18  Probe (Chrono Boost)  
  20  1:30  Cybernetics Core  
  20  1:42  Nexus  
  20  1:48  Probe  
  21  1:54  Assimilator  
  21  2:00  Probe (Chrono Boost)  
  22  2:05  Pylon  
  22  2:11  Warp Gate  
  22  2:12  Probe (Chrono Boost)  
  23  2:23  Adept, Probe  
  26  2:32  Twilight Council  
  26  2:36  Probe  
  26  2:50  Probe (Chrono Boost)  
  27  2:53  Adept  
  27  2:55  Probe (Chrono Boost)  
  30  3:05  Probe (Chrono Boost)  
  31  3:09  Gateway  
  31  3:11  Probe  
  31  3:14  Blink (Chrono Boost)  
  32  3:33  Stalker  
  34  3:34  Probe  
  34  3:36  Probe  
  36  3:42  Assimilator  
  36  3:47  Probe  
  36  3:48  Probe  
  38  3:59  Probe  
  38  4:00  Probe  
  38  4:01  Robotics Facility  
  40  4:05  Robotics Facility  
  40  4:11  Pylon  
  40  4:12  Probe x2 (Chrono Boost)  
  40  4:16  Pylon  
  42  4:23  Probe x2 (Chrono Boost)  
  44  4:25  Assimilator  
  44  4:27  Probe (Chrono Boost)  
  44  4:28  Probe (Chrono Boost)  
  46  4:37  Probe  
  47  4:38  Probe  
  47  4:39  Pylon  
  47  4:43  Sentry  
  47  4:44  Sentry  
  52  4:56  Probe x2  
  54  5:05  Charge (Chrono Boost), Immortal  
  54  5:06  Immortal  
  63  5:14  Probe (Chrono Boost)  
  63  5:15  Pylon  
  63  5:19  Gateway  
  63  5:25  Pylon  
  63  5:45  Immortal  
  63  5:46  Immortal  
  71  5:51  Stalker  
  71  5:52  Stalker  
  71  5:53  Probe (Chrono Boost)  
  76  6:03  Probe (Chrono Boost)  
  78  6:05  Probe (Chrono Boost)  
  78  6:08  Probe (Chrono Boost)  
  79  6:13  Probe  
  79  6:17  Pylon  
  80  6:20  Probe  
  80  6:22  Sentry x2  
  80  6:25  Observer  
  86  6:26  Pylon  
  86  6:29  Pylon  
  86  6:35  Warp Prism  
  86  6:36  Probe (Chrono Boost)  
  86  6:37  Sentry  
  91  6:41  Gateway  
  91  6:44  Gateway x2, Probe (Chrono Boost)  
  92  6:48  Pylon  
  92  6:53  Probe (Chrono Boost)  
  93  7:06  Pylon, Immortal  
  93  7:08  Sentry x2, Pylon  
  97  7:09  Sentry  
  97  7:10  Pylon  
  103  7:26  Probe x2  
  103  7:29  Gateway  
  105  7:31  Gateway  
  105  7:35  Pylon  
  105  7:36  Sentry x2  
  109  7:37  Pylon  
  109  7:38  Probe  
  110  7:45  Sentry x4  
  118  8:01  Immortal x2  
  118  8:05  Gateway  
  126  8:09  Pylon  
  124  8:29  Zealot x3  
  124  8:30  Zealot x5  
  136  8:50  Zealot x3  
  136  8:51  Zealot x5  
  150  9:10  Stalker  
  150  9:11  Stalker x4  
  150  9:12  Sentry  
  150  9:13  Sentry  
  150  9:14  Sentry  
  166  9:37  Pylon  
  166  9:40  Pylon  
  166  9:43  Pylon  
  136  9:54  Zealot x6  
  136  9:55  Zealot x3  
  43  10:22  Immortal x2  
  43  10:23  Sentry x2  
  43  10:24  Sentry  
  43  10:27  Sentry  
  59  10:34  Sentry  
  59  10:35  Sentry x3  
Tags
 
Add a new tag
Caveats
  • Supply blocks, unpowered buildings, or Contaminate may cause inaccurate times.
  • Supply counts are checked every 10 seconds.